 Dungeon Crawl Stone Soup version 0.30-a0-1085-g990a428a5c (webtiles) character file.

Game seed: 11735239263356694717

22719 LustLizard the Thaumaturge (level 12, -1/63 HPs)
             Began as a Deep Elf Air Elementalist on Apr 17, 2023.
             Was a Priest of Hepliaklqana.
             Slain by a sixfirhy (9 damage)
             ... summoned by Frances
             ... on level 13 of the Dungeon.
             The game lasted 00:39:24 (22139 turns).

LustLizard the Thaumaturge (DEAE)                  Turns: 22139, Time: 00:39:24

Health: -1/63      AC:  8    Str:  7    XL:     12   Next: 65%
Magic:  18/38      EV: 11    Int: 24    God:    Hepliaklqana [***...]
Gold:   806        SH:  5    Dex: 15    Spells: 18/33 levels left

rFire   . . .      SeeInvis .    f - +0 short sword
rCold   . . .      Faith    .    k - +0 buckler
rNeg    . . .      Spirit   .    M - +2 leather armour of Waang {+Blink Fly Stlth+}
rPois   .          Reflect  .    j - +1 hat
rElec   .          Rampage  .    (no cloak)
rCorr   .                        K - +1 pair of gloves
Will    +....                    (no boots)
Stlth   ++++                     (no amulet)
HPRegen 0.30/turn                t - ring of wizardry
MPRegen 0.26/turn                y - ring of magical power

@: about to teleport, flying
A: reduced essence
a: Renounce Religion, Evoke Blink, Recall Ancestor, Ancestor Identity,
Transference


You were on level 13 of the Dungeon.
You worshipped Hepliaklqana.
Hepliaklqana was most pleased with you.
You visited 2 branches of the dungeon, and saw 14 of its levels.

You collected 806 gold pieces.

Inventory:

Hand Weapons
 f - a +0 short sword (weapon)
Missiles
 B - a throwing net
Armour
 j - a +1 hat (worn)
 k - a +0 buckler (worn)
 m - +0 steam dragon scales
 K - a +1 pair of gloves (worn)
 L - +0 acid dragon scales
 M - the +2 leather armour of Waang (worn) {+Blink Fly Stlth+}
   (You found it on level 13 of the Dungeon)

   Fly:       It grants you flight.
   +Blink:    It lets you blink.
   Stlth:     It makes you more stealthy.
Jewellery
 l - a ring of willpower
 q - a ring of protection from cold
 t - a ring of wizardry (left hand)
 y - a ring of magical power (right hand)
 E - an amulet of guardian spirit
 J - a ring of protection from cold
 O - a ring of ice
Wands
 c - a wand of flame (22)
 o - a wand of paralysis (9)
 u - a wand of polymorph (3)
 x - a wand of quicksilver (25)
 D - a wand of iceblast (10)
Scrolls
 a - 3 scrolls of fog {unknown}
 d - 4 scrolls of immolation
 h - a scroll of vulnerability {unknown}
 i - 3 scrolls of magic mapping
 n - a scroll of enchant armour {unknown}
 p - 2 scrolls of silence
 s - 2 scrolls of butterflies
 v - 2 scrolls of enchant weapon {unknown}
 G - a scroll of teleportation
 I - a scroll of amnesia
 N - a scroll of identify
Potions
 b - a potion of magic
 e - 5 potions of curing
 g - 3 potions of brilliance
 r - 2 potions of mutation
 w - 3 potions of attraction
 z - 2 potions of lignification
 A - 3 potions of flight
 C - a potion of cancellation
 F - 2 potions of heal wounds
 H - 2 potions of might


   Skills:
 + Level 6.9 Fighting
 - Level 2.4 Dodging
 - Level 5.0 Stealth
 - Level 6.0 Shields
 + Level 11.3 Spellcasting
 - Level 8.0 Conjurations
 * Level 8.9 Hexes
 * Level 7.4 Ice Magic
 - Level 10.2 Air Magic
 + Level 5.0 Invocations


You had 18 spell levels left.
You knew the following spells:

 Your Spells              Type           Power      Damage    Failure   Level
a - Shock                 Conj/Air       100%       1d9       1%          1
b - Static Discharge      Conj/Air       100%       2-7/arc   1%          2
c - Swiftness             Air            58%        N/A       1%          3
d - Airstrike             Air            29%        2d(5-21)  1%          4
e - Metabolic Englaciati  Hex/Ice        26%        N/A       3%          5

Your spell library contained the following spells:

 Spells                   Type           Power      Damage    Failure   Level
 Slow                     Hex            100%       N/A       1%          1
 Cigotuvi's Dreadful Rot  Necr/Pois/Air  58%        N/A       1%          2
 Ozocubu's Armour         Ice            49%        N/A       1%          3
 Portal Projectile        Hex/Tloc       70%        N/A       1%          3
 Sandblast                Erth           26%        2d8       3%          1
 Scorch                   Fire           26%        2d6       6%          2
 Leda's Liquefaction      Hex/Erth       17%        N/A       6%          4
 Flame Wave               Conj/Fire      32%        2d9       7%          4
 Call Canine Familiar     Summ           13%        N/A       11%         3
 Dispel Undead            Necr           13%        3d9       32%         4
 Simulacrum               Ice/Necr       15%        N/A       71%         6
 Death Channel            Necr           6%         N/A       99%         6
 Summon Cactus Giant      Summ           6%         N/A       99%         6


Dungeon Overview and Level Annotations

Branches:
Dungeon (13/15)            Temple (1/1) D:7            Lair (0/5) D:11
    Orc (0/2) D:12
 Vaults: D:13-14

Altars:
Ashenzari
Cheibriados
Dithmenos
Elyvilon
Fedhas
Gozag
Hepliaklqana
Kikubaaqudgha
Makhleb
Nemelex Xobeh
Okawaru
Qazlal
Ru
Sif Muna
Trog
Uskayaw
Vehumet
Wu Jian
Xom
Yredelemnul
Zin
The Shining One

Shops:
D:4 *   D:7 [   D:9 =

Annotations:
D:13 Frances


Message History

Aim: a green ugly thing (severely wounded, ally target, empty space bonus: 5/8)
The air twists around and strikes the green ugly thing!
The green ugly thing is almost dead.
The sixfirhy hits Eadburga but does no damage.
The sixfirhy hits Eadburga!
The sixfirhy shocks Eadburga!
The sixfirhy misses Eadburga.
The green ugly thing misses Eadburga.
Eadburga closely misses the green ugly thing.
The sixfirhy closely misses Eadburga.
Aiming: Shock (safe; 1% risk of failure)
Press: ? - help, Q - select action, (/) - cycle Shift-Dir - straight line, f/p - green ugly thing
Aim: a green ugly thing (almost dead, ally target, 74% to hit)
Eadburga avoids your attack.
The zap hits the green ugly thing.
The green ugly thing is almost dead.
The zap hits Frances.
Frances is lightly wounded.
The zap hits the hellwing but does no damage.
The sixfirhy closely misses Eadburga.
The sixfirhy hits Eadburga!
The sixfirhy shocks Eadburga!
The green ugly thing engulfs Eadburga!
Eadburga is destroyed!
Casting: Shock (safe; 1% risk of failure)
Confirm with . or Enter, or press ? or * to list all spells.
Aiming: Airstrike (dangerous; 1% risk of failure)
Press: ? - help, Dir - move target, f/p - green ugly thing
Aim: a green ugly thing (almost dead, empty space bonus: 5/8)
The air twists around and strikes the green ugly thing!
You kill the green ugly thing!
Unknown command.
Frances mutters in a terrible tongue.
The iron shot hits you!!
Ouch! That really hurt!
The sixfirhy hits you but does no damage.
Frances drinks a potion.
Frances seems to speed up.
The sixfirhy hits you. The sixfirhy shocks you!
* * * LOW HITPOINT WARNING * * *
As you read the scroll of teleportation, it crumbles to dust.
You feel strangely unstable. The sixfirhy barely misses you.
The sixfirhy hits you!
* * * LOW HITPOINT WARNING * * *
The sixfirhy shocks you!
You die...

#..# #.
#####..#
#.
#......#
#.
#.###.##
#.
#.##.#.#
#.
#......#
#.
#####..#
#.
######..#
##.
...>...@#
#..
######.3#
#.. #..#
#.# #..#
####.#
...4?
..##.#
###.@..
#.##.#
#..#.#
#.#...
#..#.#
#.#..#
#..#.#
#.#..#


You could see Frances (fast), a hellwing (summoned) and a sixfirhy (summoned).

Vanquished Creatures
  Josephine (D:12)
  A centaur warrior (D:13)
  3 death yaks
  A boulder beetle (D:12)
  3 two-headed ogres
  3 ugly things
  A manticore (D:11)
  2 cyclopes
  Maggie (D:6)
  2 kobold demonologists (D:9)
  A rime drake (shapeshifter) (D:11)
  2 trolls
  Grinder (D:5)
  A hornet (D:8)
  2 vampires
  A slime creature (D:12)
  Sigmund (D:2)
  A shadow (D:12)
  4 wraiths
  A wyvern (D:9)
  21 yaks
  A steam dragon (D:10)
  7 vampire mosquitoes
  A water moccasin (D:7)
  3 acid dragons
  4 ice beasts
  2 black bears
  3 orc warriors
  10 centaurs
  3 kobold brigands (D:9)
  2 gnoll sergeants
  A scorpion (D:6)
  3 bullfrogs
  3 wights (D:8)
  6 killer bees (D:8)
  3 howler monkeys (D:7)
  5 hounds
  A jelly (D:4)
  A gnoll bouda (D:4)
  6 orc priests
  A sleepcap (D:6)
  Natasha (thrice) (D:2)
  A hell rat (D:11)
  6 iguanas
  10 orc wizards
  14 gnolls
  4 adders
  2 river rats (D:11)
  A shadow imp (D:7)
  3 white imps
  An ufetubus (D:5)
  6 worms
  A dart slug (D:4)
  28 orcs
  10 ball pythons
  9 endoplasms
  6 giant cockroaches
  6 goblins
  7 hobgoblins
  3 quokkas
  8 bats
  3 frilled lizards
  6 kobolds
  4 rats
  A spectral orc (D:9)
263 creatures vanquished.

Vanquished Creatures (collateral kills)
  The ghost of dufus the Ducker, a novice GnMo of Okawaru (D:5)
  A manticore (D:11)
  An ugly thing (D:13)
  3 slime creatures (D:12)
  3 yaks
  A shadow (D:12)
  6 wraiths
  A bullfrog (D:8)
  A hell rat (D:11)
  2 orc wizards
  3 gnolls
  A river rat (D:11)
  An orc (D:9)
  2 kobolds (D:9)
27 creatures vanquished.

Vanquished Creatures (others)
  3 battlemagi (D:13)
  6 ancestors
9 creatures vanquished.

Grand Total: 299 creatures vanquished

Notes
Turn   | Place    | Note
-------+----------+-------------------------------------------
     0 | D:1      | LustLizard the Deep Elf Air Elementalist began the quest
                  | for the Orb.
     0 | D:1      | Reached XP level 1. HP: 10/10 MP: 6/6
   502 | D:1      | Reached XP level 2. HP: 15/15 MP: 6/8
  1137 | D:2      | Noticed Natasha
  1142 | D:2      | Learned a level 2 spell: Static Discharge
  1360 | D:2      | Reached XP level 3. HP: 19/19 MP: 4/9
  1773 | D:2      | Noticed Sigmund
  1870 | D:2      | Reached XP level 4. HP: 24/24 MP: 6/11
  2394 | D:2      | Killed Natasha
  2718 | D:2      | Learned a level 3 spell: Swiftness
  3273 | D:3      | Found an iron altar of Okawaru.
  3302 | D:3      | Found a sacrificial altar of Ru.
  3502 | D:3      | Found a radiant altar of Vehumet.
  3525 | D:3      | Reached skill level 1 in Shields
  3525 | D:3      | Reached XP level 5. HP: 28/28 MP: 6/12
  3674 | D:3      | Reached skill level 1 in Fighting
  3691 | D:3      | Found a sparkling altar of Nemelex Xobeh.
  3691 | D:3      | Found a broken altar of Ashenzari.
  3693 | D:3      | Found a basalt altar of Yredelemnul.
  3693 | D:3      | Found a shimmering altar of Xom.
  3693 | D:3      | Found a burning altar of Makhleb.
  4380 | D:4      | Reached skill level 4 in Spellcasting
  4548 | D:4      | Found Noupnyz's Needful Niceties.
  4784 | D:4      | Reached XP level 6. HP: 34/34 MP: 9/14
  5006 | D:4      | Found a snail-covered altar of Cheibriados.
  5298 | D:5      | Entered Level 5 of the Dungeon
  5862 | D:5      | Learned a level 4 spell: Airstrike
  6038 | D:5      | Noticed Grinder
  6239 | D:5      | Reached XP level 7. HP: 39/39 MP: 16/16
  6454 | D:2      | Killed Sigmund
  6455 | D:2      | Reached skill level 5 in Air Magic
  6663 | D:2      | Noticed Natasha
  6666 | D:2      | Killed Natasha
  6667 | D:2      | Reached skill level 5 in Spellcasting
  7103 | D:2      | Noticed Natasha
  7108 | D:2      | Killed Natasha
  8046 | D:6      | Reached XP level 8. HP: 45/45 MP: 18/18
  8048 | D:6      | Reached skill level 5 in Stealth
  8390 | D:6      | Noticed Maggie
  8683 | D:6      | Found a shimmering blue altar of Sif Muna.
  8690 | D:6      | Got Sif Muna's Vademecum on the Oath and the Valley
  9189 | D:6      | Reached skill level 5 in Conjurations
  9228 | D:6      | Found a bloodstained altar of Trog.
  9359 | D:7      | Found Evaphis's Armour Shop.
  9512 | D:7      | Reached skill level 6 in Spellcasting
 10239 | D:7      | Found a staircase to the Ecumenical Temple.
 10246 | Temple   | Entered the Ecumenical Temple
 10513 | Temple   | Became a worshipper of Hepliaklqana the Forgotten
 10643 | D:7      | Reached XP level 9. HP: 51/51 MP: 13/20
 11314 | D:8      | Reached skill level 7 in Spellcasting
 11664 | D:8      | Noticed a two-headed ogre
 11710 | D:8      | Killed a two-headed ogre
 12104 | D:8      | You fall into a shaft and drop 1 floor!
 12131 | D:9      | Reached * piety under Hepliaklqana
 12131 | D:9      | Noticed a kobold demonologist
 12131 | D:9      | Noticed a kobold demonologist
 12161 | D:9      | HP: 1/46 [poisoned by you (poison gas)]
 12630 | D:9      | Reached skill level 8 in Spellcasting
 12716 | D:9      | Reached XP level 10. HP: 47/52 MP: 18/24
 13248 | D:9      | Found Zoaq's Jewellery Shop.
 13265 | D:9      | Found a basalt altar of Yredelemnul.
 13950 | D:9      | Noticed a smoke demon
 13951 | D:9      | Reached skill level 5 in Fighting
 13962 | D:9      | Reached skill level 5 in Shields
 14290 | D:9      | Reached skill level 9 in Spellcasting
 14863 | D:7      | Reached skill level 10 in Air Magic
 15179 | D:6      | Killed Maggie
 15370 | D:5      | Killed Grinder
 15371 | D:5      | Reached XP level 11. HP: 57/57 MP: 19/26
 15446 | D:5      | Found a hide-covered altar of Uskayaw.
 15459 | D:5      | Found a runed translucent gate.
 15461 | D:5      | Found a runed translucent gate.
 15461 | D:5      | Found a runed translucent gate.
 15465 | D:5      | Noticed dufus's ghost (novice GnMo)
 15472 | D:5      | Killed dufus's ghost
 15563 | D:5      | Learned a level 5 spell: Metabolic Englaciation
 15699 | D:10     | Entered Level 10 of the Dungeon
 15861 | D:10     | Reached skill level 1 in Hexes
 15892 | D:9      | Reached skill level 1 in Ice Magic
 16334 | D:10     | Reached skill level 1 in Invocations
 17115 | D:11     | Noticed a death yak
 17119 | D:11     | Noticed a death yak
 17121 | D:11     | Noticed a death yak
 17144 | D:11     | Noticed a two-headed ogre
 17144 | D:11     | Found a staircase to the Lair.
 17150 | D:10     | Killed a two-headed ogre
 17617 | D:10     | Killed a death yak
 17825 | D:10     | Killed a death yak
 17958 | D:11     | Reached skill level 10 in Spellcasting
 18231 | D:11     | Killed a death yak
 18232 | D:11     | Reached skill level 5 in Hexes
 18508 | D:11     | Noticed a red ugly thing
 18511 | D:11     | Killed a red ugly thing
 18535 | D:11     | Reached skill level 5 in Ice Magic
 18692 | D:11     | Reached ** piety under Hepliaklqana
 18702 | D:11     | Remembered your ancestor Eadburga as a battlemage
 19327 | D:12     | Reached XP level 12. HP: 63/63 MP: 4/28
 19507 | D:12     | Noticed Josephine
 19510 | D:12     | Killed Josephine
 19920 | D:12     | Noticed a two-headed ogre
 19935 | D:12     | Killed a two-headed ogre
 20125 | D:12     | Found a staircase to the Orcish Mines.
 20229 | D:12     | Noticed a boulder beetle
 20234 | D:12     | Killed a boulder beetle
 20396 | D:12     | Reached skill level 11 in Spellcasting
 20902 | D:13     | Found a shadowy altar of Dithmenos.
 20904 | D:13     | Noticed a centaur warrior
 21389 | D:13     | Identified the +2 leather armour of Waang {+Blink Fly
                  | Stlth+}
 21423 | D:13     | Killed a centaur warrior
 21650 | D:13     | Reached *** piety under Hepliaklqana
 21975 | D:13     | Reached skill level 5 in Invocations
 22131 | D:13     | Noticed Frances
 22139 | D:13     | Slain by a sixfirhy

Illustrated notes

Levels and vault maps discovered:
D:1:      dpeg_arrival_tiny_k, layout_basic
D:2:      layout_basic, uniq_sigmund, uniq_natasha
D:3:      cheibrodos_helix_gallery, layout_loops_corners,
          mainiacjoe_overflow_big_doors, doesnt_xom_only_xom,
          ebering_dispersal_statue_hall
D:4:      layout_cave_pools, marbit_many_paths, nicolae_alphabet_shops
D:5:      layout_basic, nicolae_uskayaw_suspiria, ebering_ghost_rock_garden,
          uniq_grinder
D:6:      layout_basic, nzn_overflow_gifts_of_might_and_magic,
          grunt_ministairs_13, uniq_maggie
D:7:      layout_rooms, temple_green, serial_shops, shop
D:8:      layout_basic
D:9:      layout_roguey, yredelemnul_forgotten_temple_becter,
          minmay_misc_feat_rows, minmay_shop_enchanted_jewellery,
          hangedman_decor_clover_reticule
D:10:     layout_rooms
D:11:     layout_rooms, dpeg_lair_monsters, kennysheep_nub
D:12:     layout_basic, orc_0_dummy, lemuel_flamethrower_3, uniq_josephine
D:13:     layout_loops_ring, nicolae_dithmenos_shadow_blocks, uniq_frances
Temple:   minmay_temple_curvy_branch

Skill      XL: |  1  2  3  4  5  6  7  8  9 10 11 12 |
---------------+-------------------------------------+-----
Conjurations   | 2 3 4 5 6 7 8 |  8.0
Stealth        | 3 4 5 |  5.0
Shields        | 1 2 3 4 5 6 |  6.0
Fighting       | 1 2 3 4 5 6 |  6.9
Air Magic      | 4 5 7 8 10 | 10.2
Spellcasting   | 4 5 6 8 9 10 11 | 11.3
Hexes          | 6 8 |  8.9
Ice Magic      | 5 7 |  7.4
Invocations    | 3 5 |  5.0
Dodging        | |  2.4

Action                     |  1- 3 |  4- 6 |  7- 9 | 10-12 || total
---------------------------+-------+-------+-------+-------++-------
  Melee: Short sword       |       |     1 |       |     1 ||     2
   Cast: Shock             |    89 |   155 |   194 |   140 ||   578
         Static Discharge  |       |    14 |    30 |       ||    44
         Swiftness         |       |     1 |     1 |     3 ||     5
         Airstrike         |       |       |    30 |   281 ||   311
 Invoke: Recall Ancestor   |       |       |       |    11 ||    11
         Ancestor Life: Ba |       |       |       |     1 ||     1
    Use: Scroll            |       |     6 |     9 |     6 ||    21
         Potion            |       |       |     4 |     1 ||     5
 Armour: Robe              |     5 |     4 |     3 |     1 ||    13
         Leather armour    |       |       |       |     2 ||     2
         Acid dragon scale |       |       |       |     1 ||     1
  Dodge: Dodged            |     3 |     9 |    20 |    21 ||    53
  Block: Buckler           |       |       |    13 |    13 ||    26

Table legend: (Time is in decaauts)
 A = Elapsed time spent in this place.
 B = Non-inter-level travel time spent in this place.
 C = Inter-level travel time spent in this place.
 D = Time resting spent in this place.
 E = Time spent auto-exploring this place.
 F = Levels seen in this place.
 G = Mean time per level.
                   A        B        C        D        E       F      G
               +--------+--------+--------+--------+--------+-----+--------+
         Total |  22130 |  19733 |   2397 |   2685 |  13942 |  14 | 1580.7 |
       Dungeon |  21840 |  19485 |   2355 |   2685 |  13697 |  13 | 1680.0 |
        Temple |    289 |    247 |     42 |      0 |    245 |   1 |  289.0 |
               +--------+--------+--------+--------+--------+-----+--------+

Top non-repeatable levels by time:
     D:2: 3121 daAuts
     D:9: 2678 daAuts
     D:8: 2111 daAuts
     D:6: 2111 daAuts
    D:12: 1831 daAuts
    D:10: 1818 daAuts
     D:3: 1605 daAuts
     D:5: 1346 daAuts
     D:7: 1211 daAuts
    D:11: 1074 daAuts
     D:4: 1068 daAuts
    D:13: 1024 daAuts
     D:1: 838 daAuts
  Temple: 289 daAuts
